 Dungeon Crawl Stone Soup version 0.29.1-13-g9f3cf754e1 (webtiles) character file.

Game seed: 11561394263941027602

3215 GigaChad the Protected (level 9, -6/75 HPs)
             Began as a Minotaur Fighter on Jan 19, 2023.
             Was an Initiate of Trog.
             Mangled by an orange demon (7 damage)
             ... led by Amaemon
             ... on level 8 of the Dungeon on Jan 20, 2023.
             The game lasted 00:15:12 (9022 turns).

GigaChad the Protected (Minotaur Fighter)           Turns: 9022, Time: 00:15:14

Health: -6/75      AC: 18    Str: 25    XL:     9   Next: 65%
Magic:  8/8        EV:  8    Int:  9    God:    Trog [......]
Gold:   2052       SH:  6    Dex: 14    Spells: 8/8 levels left

rFire   + . .      SeeInvis .   x - +5 falchion of Optimality {vorpal, rElec rF+ Int+4 Dex+4}
rCold   . . .      Faith    .   z - +0 buckler {reflect}
rNeg    . . .      Spirit   .   n - +1 plate armour
rPois   .          Reflect  +   k - +2 hat
rElec   +          Harm     .   o - +0 cloak
rCorr   .          Rampage  .   (no gloves)
Will    .....                   (no boots)
Stlth   ..........              p - amulet of the acrobat
HPRegen 0.22/turn               (no ring)
MPRegen 0.11/turn               (no ring)

@: lethally poisoned (-6 -> -24), slowed, very slow
A: horns 2, retaliatory headbutt
a: Renounce Religion


You were on level 8 of the Dungeon.
You worshipped Trog.
Trog was noncommittal.
You visited 2 branches of the dungeon, and saw 9 of its levels.
You also visited: Ossuary.

You collected 2292 gold pieces.
You spent 240 gold pieces at shops.

Inventory:

Hand Weapons
 a - a +4 war axe
 m - a +2 long sword of holy wrath
 x - the +5 falchion of Optimality (weapon) {vorpal, rElec rF+ Int+4 Dex+4}
   (You bought it in a shop on level 5 of the Dungeon)

   It inflicts extra damage upon your enemies.
   Int:       It affects your intelligence (+4).
   Dex:       It affects your dexterity (+4).
   rF:        It protects you from fire.
   rElec:     It insulates you from electricity.
 y - a +0 great sword
Missiles
 l - 6 javelins (quivered)
Armour
 b - a +0 scale mail
 c - a +0 buckler
 k - a +2 hat (worn)
 n - a +1 plate armour (worn)
 o - a +0 cloak (worn)
 z - a +0 buckler of reflection (worn)
 F - +0 swamp dragon scales
Jewellery
 h - a ring of positive energy
 p - an amulet of the acrobat (around neck)
Wands
 H - a wand of roots (7)
Scrolls
 e - 10 scrolls of identify
 i - a scroll of fog
 j - 3 scrolls of teleportation
 v - 2 scrolls of magic mapping
 w - a scroll of poison
 A - a scroll of summoning {unknown}
 B - a scroll of blinking {unknown}
 D - 2 scrolls of vulnerability {unknown}
 E - 2 scrolls of fear
Potions
 d - 3 potions of might
 f - 5 potions of lignification
 g - 4 potions of curing {unknown}
 q - 2 potions of heal wounds {unknown}
 r - 2 potions of brilliance
 s - 3 potions of resistance {unknown}
 t - 3 potions of degeneration {unknown}
 u - 4 potions of haste {unknown}
 C - a potion of cancellation {unknown}
 G - a potion of mutation {unknown}


   Skills:
 + Level 6.2 Fighting
 * Level 8.5 Long Blades
 - Level 6.8 Axes
 - Level 0.5 Throwing
 + Level 8.5 Armour
 * Level 4.3 Dodging
 - Level 0.1 Stealth
 * Level 7.2 Shields


You had 8 spell levels left.
You didn't know any spells.
Your spell library contained the following spells:

 Spells                   Type           Power      Damage    Failure   Level
 Conjure Flame            Conj/Fire      0%         6-21      100%        3
 Ignite Poison            Fire/Tmut/Pois 0%         N/A       100%        3
 Sticky Flame             Conj/Fire      0%         2d3       100%        4


Dungeon Overview and Level Annotations

Branches:
Dungeon (8/15)             Temple (1/1) D:7         Ossuary (visited)
   Lair: D:8-11

Altars:
Ashenzari
Cheibriados
Dithmenos
Elyvilon
Fedhas
Gozag
Hepliaklqana
Kikubaaqudgha
Makhleb
Nemelex Xobeh
Qazlal
Ru
Sif Muna
Trog
Uskayaw
Vehumet
Wu Jian
Xom
Yredelemnul
Zin
The Shining One

Shops:
D:4 !   D:5 (   D:6 (

Annotations:
D:8 Amaemon


Innate Abilities, Weirdness & Mutations

You have a pair of horns on your head.
You reflexively headbutt those who attack you in melee.


Message History

Amaemon closely misses you. Amaemon claws you but does no damage.
Amaemon tail-slaps you but does no damage.
Amaemon hits you but does no damage.
You are more poisoned.
Amaemon claws you but does no damage. Amaemon tail-slaps you.
You are more poisoned.
Amaemon poisons you!
You slash Amaemon! You headbutt Amaemon!
Amaemon is moderately wounded.
You feel extremely sick. You block Amaemon's attack. Amaemon barely misses you.
Amaemon tail-slaps you but does no damage.
You slash Amaemon! You headbutt Amaemon.
Amaemon is heavily wounded.
You feel extremely sick. Amaemon barely misses you. Amaemon claws you.
* * * LOW HITPOINT WARNING * * *
Amaemon tail-slaps you but does no damage.
The orange demon barely misses you.
You closely miss Amaemon. You headbutt Amaemon!
Amaemon is severely wounded.
* * * LOW HITPOINT WARNING * * *
You feel very sick. Amaemon hits you but does no damage.
You are more poisoned.
Amaemon claws you.
* * * LOW HITPOINT WARNING * * *
You block Amaemon's attack.
The orange demon stings you but does no damage.
Amaemon sings, "Eyes close, heart stop, nighty-night for you..."
Amaemon barely misses you. Amaemon claws you but does no damage.
Amaemon tail-slaps you but does no damage.
The orange demon barely misses you.
You hit Amaemon. Your headbutt misses Amaemon.
Amaemon is severely wounded.
* * * LOW HITPOINT WARNING * * *
You feel extremely sick.
Amaemon casts a spell at the orange demon.
The orange demon seems to grow toxic.
The orange demon stings you from afar!
You die...

#####
######46@###
.......#...#
###.#...#.# #
#...#.#
#/..#.# # #
#.).#.# .# #
#.##.##.# .#
.####.......#
.
....#####.####


You could see Amaemon and an orange demon (curare).

Vanquished Creatures
  Maggie (D:6)
  An unseen horror (D:7)
  Psyche (D:8)
  Sigmund (D:5)
  A steam dragon (D:7)
  2 water moccasins (D:7)
  An orc warrior (D:7)
  An ice beast (D:5)
  A black bear (D:6)
  2 sky beasts
  A necrophage (D:5)
  A bullfrog (D:6)
  3 scorpions (D:6)
  4 howler monkeys (D:8)
  3 hounds
  5 jellies
  4 orc priests
  An iron imp (D:4)
  3 orc wizards
  2 iguanas (D:6)
  12 mummies (Ossuary)
  3 gnolls (D:3)
  12 adders
  A shadow imp (D:6)
  3 white imps
  An ufetubus (D:3)
  7 worms
  3 dart slugs
  13 orcs
  6 ball pythons
  4 endoplasms
  6 goblins
  4 hobgoblins
  8 kobolds
  4 quokkas
  8 bats
  2 frilled lizards
  A gnoll skeleton (Ossuary)
  4 goblin skeletons (Ossuary)
  A kobold skeleton (Ossuary)
  2 orc skeletons (Ossuary)
  3 rats
  11 rat skeletons (Ossuary)
158 creatures vanquished.

Notes
Turn   | Place    | Note
-------+----------+-------------------------------------------
     0 | D:1      | GigaChad the Minotaur Fighter began the quest for the Orb.
     0 | D:1      | Reached XP level 1. HP: 19/19 MP: 0/0
    87 | D:1      | Found a faded altar of an unknown god.
   245 | D:1      | Reached XP level 2. HP: 19/27 MP: 1/1
   772 | D:2      | Reached XP level 3. HP: 30/33 MP: 2/2
  1128 | D:2      | Reached XP level 4. HP: 36/40 MP: 3/3
  2196 | D:3      | Reached XP level 5. HP: 45/46 MP: 4/4
  2485 | D:3      | Reached skill level 5 in Armour
  2816 | D:4      | Reached skill level 5 in Axes
  2872 | D:4      | Found a snail-covered altar of Cheibriados.
  2955 | D:4      | Reached XP level 6. HP: 52/52 MP: 5/5
  2974 | D:4      | Found Nemiq's Distillery.
  3874 | D:5      | Entered Level 5 of the Dungeon
  3922 | D:5      | HP: 2/53 [orc priest/+0 club (2)]
  3924 | D:5      | Reached skill level 5 in Shields
  4348 | D:5      | Noticed Sigmund
  4357 | D:5      | Killed Sigmund
  4358 | D:5      | Reached XP level 7. HP: 48/60 MP: 6/6
  4646 | D:5      | Found a glowing golden altar of the Shining One.
  4898 | D:5      | Found Oriapawemp's Antique Weapon Boutique.
  4912 | D:5      | Bought a twisted falchion for 240 gold pieces
  4912 | D:5      | Identified the +5 falchion of Optimality {vorpal, rElec rF+
                  | Int+4 Dex+4} (You bought it in a shop on level 5 of the
                  | Dungeon)
  5264 | D:6      | Reached skill level 1 in Dodging
  5281 | D:6      | Reached skill level 1 in Long Blades
  5443 | D:6      | Reached skill level 5 in Fighting
  5443 | D:6      | Reached XP level 8. HP: 54/68 MP: 7/7
  5583 | D:6      | Identified a scroll of acquirement
  5584 | D:6      | Acquired 973 gold pieces
  5690 | D:6      | Noticed Maggie
  5707 | D:6      | Killed Maggie
  5820 | D:6      | Found a sand-covered staircase.
  5893 | Ossuary  | Entered an ossuary
  6092 | Ossuary  | Acquired 916 gold pieces
  6426 | D:6      | Reached skill level 5 in Long Blades
  6437 | D:6      | Found a shadowy altar of Dithmenos.
  6741 | D:6      | Found Boilud's Weapon Emporium.
  6894 | D:6      | Found a sparkling altar of Nemelex Xobeh.
  7419 | D:7      | Reached XP level 9. HP: 62/75 MP: 8/8
  7509 | D:7      | Found a staircase to the Ecumenical Temple.
  7545 | Temple   | Entered the Ecumenical Temple
  7555 | Temple   | Became a worshipper of Trog the Wrathful
  8257 | D:7      | Killed an unseen horror
  8990 | D:8      | Noticed Psyche
  8998 | D:8      | Killed Psyche
  9015 | D:8      | Noticed Amaemon
  9017 | D:8      | Noticed an orange demon
  9022 | D:8      | HP: 1/75 [poisoned by Amaemon]
  9022 | D:8      | Mangled by an orange demon

Illustrated notes

Levels and vault maps discovered:
D:1:      reono_arrival_mine, layout_basic, hellmonk_ecumenical_altar_blasted,
          feat_on_display
D:2:      layout_loops_corners, grunt_ministairs_12, minmay_pentomino_x2
D:3:      layout_basic
D:4:      layout_basic, slow_altar_2, serial_shops, nicolae_lakefront_shop
D:5:      layout_loops_ring, marbit_many_paths, serial_shops,
          kennysheep_little_box, eino_curves_02, hangedman_decor_lopped,
          item_on_display_a, uniq_sigmund
D:6:      layout_loops_cross, lemuel_tele_altar, mainiacjoe_overflow_alcove_1,
          cheibrodos_sewer_entry_bend, chequers_ossuary_entry_cave,
          serial_shops, nicolae_shop_bloodbath_and_beyond, minivault_11,
          grunt_decor_arrowhead, uniq_maggie
D:7:      layout_loops_ring, minmay_temple_entry_mist
D:8:      layout_loops_cross, nicolae_transporter_circle, uniq_psyche,
          uniq_amaemon
Temple:   sentei_temple_godly_chess

Skill      XL: |  1  2  3  4  5  6  7  8  9 |
---------------+----------------------------+-----
Armour         | 4 5 6 7 8 |  8.5
Fighting       | 4 5 6 |  6.2
Shields        | 4 5 6 7 |  7.2
Axes           | 3 4 5 6 |  6.8
Dodging        | 1 3 4 |  4.3
Long Blades    | 1 6 8 |  8.5
Throwing       | |  0.5
Stealth        | |  0.1

Action                   |  1- 3 |  4- 6 |  7- 9 || total
-------------------------+-------+-------+-------++-------
Melee: War axe           |    55 |   133 |    40 ||   228
       Headbutt          |     7 |    25 |    59 ||    91
       Falchion          |       |       |   244 ||   244
Throw: Javelin           |       |     7 |       ||     7
  Use: Scroll            |     6 |     2 |     9 ||    17
Armor: Scale mail        |    15 |       |       ||    15
       Plate armour      |    26 |   109 |   153 ||   288
Dodge: Dodged            |    27 |    50 |    99 ||   176
Block: Buckler           |    14 |    39 |    57 ||   110
